 Dungeon Sprint DCSS version 0.23.2-33-g5129a83184 (webtiles) character file.

Game seed: 14606827060037878509

24269 Groucho the Timeless (level 12, -6/128 HPs)
             Began as a Deep Dwarf Fighter on July 30, 2019.
             Was a High Priest of Cheibriados.
             Mangled by a harpy (10 damage)
             ... summoned by Kirke
             ... in the Dungeon (Sprint IX: "|||||||||||||||||||||||||||||").
             The game lasted 00:11:36 (5550 turns).

Groucho the Timeless (Deep Dwarf Fighter)           Turns: 5550, Time: 00:11:36

Health: -6/128     AC:  0    Str: 34    XL:     12   Next: 79%
Magic:  2/20       EV: 13    Int: 22    God:    Cheibriados [*****.]
Gold:   1480       SH:  0    Dex: 29    Spells: 11/11 levels left

rFire    . . .     SeeInvis .   (weapon currently unavailable)
rCold    . . .     Gourm    .   (shield currently unavailable)
rNeg     . . .     Faith    .   (armour currently unavailable)
rPois    .         Spirit   .   (helmet currently unavailable)
rElec    .         Reflect  .   (cloak currently unavailable)
rCorr    .         Harm     .   (gloves currently unavailable)
MR       +....     NoTele   +   (boots currently unavailable)
Stlth    ++........             (no amulet)
HPRegen  0.00/turn              (ring currently unavailable)
MPRegen  0.17/turn              (ring currently unavailable)

@: pig-form, non-regenerating, slowed, very slow
A: small, damage resistance, heal wounds, sense surroundings 2, no regeneration
a: Heal Wounds, Bend Time, Temporal Distortion, Slouch, Step From Time, Renounce
Religion


You were in the Dungeon.
You worshipped Cheibriados.
Cheibriados was extremely pleased with you.
You were full.
You were a filthy swine.
You visited 1 branch You collected 1941 gold pieces.
You spent 461 gold pieces at shops.

Inventory:

Hand Weapons
 o - a +5 broad axe of chopping (melded)
 p - a +2 morningstar of protection
Armour
 c - a +0 shield (melded)
 r - a +1 chain mail (melded)
 x - a +0 cloak (melded)
 A - a +2 hat of magic resistance (melded)
 E - a +1 pair of gloves (melded)
Jewellery
 b - a +2 ring of evasion (melded)
 s - a +3 ring of intelligence (melded)
 B - an uncursed ring of fire
 C - an uncursed ring of protection from fire
 D - an uncursed ring of ice
Wands
 n - a wand of iceblast (8)
 v - a wand of digging (3)
Scrolls
 a - 4 scrolls of fear
 j - 3 scrolls of enchant armour
 k - 5 scrolls of blinking
 l - 4 scrolls of remove curse
 m - 2 scrolls of amnesia
 u - 3 scrolls of fog
 y - a scroll of enchant weapon
 z - a scroll of identify
Potions
 d - a potion of might
 e - 5 potions of curing
 g - a potion of invisibility
 h - 2 potions of haste
 i - 3 potions of magic
 t - 4 potions of brilliance
 w - a potion of cancellation {unknown}
Comestibles
 f - 7 rations


   Skills:
 + Level 14.2 Fighting
 + Level 16.4 Axes
 + Level 16.5 Armour
 + Level 16.5 Shields
 + Level 17.4 Invocations


You had 11 spell levels left.
You didn't know any spells.
Your spell library was empty.

Dungeon Overview and Level Annotations

Branches:
Dungeon (1/1)

Altars:
Cheibriados
Dithmenos
Elyvilon
Fedhas
Gozag
Hepliaklqana
Kikubaaqudgha
Makhleb
Nemelex Xobeh
Okawaru
Qazlal
Ru
Sif Muna
Trog
Uskayaw
Vehumet
Wu Jian
Xom
Yredelemnul
Zin
The Shining One
Beogh
Jiyva
Lugonu

Shops:
D ??:?

Annotations:
D Kirke


Innate Abilities, Weirdness & Mutations

You are resistant to damage.
You can heal yourself by infusing magical energy.
You passively map the area around you.
You do not regenerate.


Message History

The harpy claws you!
* * * LOW HITPOINT WARNING * * *
The harpy claws you!
* * * LOW HITPOINT WARNING * * *
Kirke hits you!
* * * LOW HITPOINT WARNING * * *
The harpy barely misses you. The harpy claws you. Kirke closely misses you.
Unknown command.
Unknown command.
You feel better. The harpy barely misses you. The harpy claws you!
* * * LOW HITPOINT WARNING * * *
The harpy barely misses you. The harpy misses you.
Kirke points at you and mumbles some strange words.
You resist with some effort.
You feel better. The harpy barely misses you. The harpy claws you!
* * * LOW HITPOINT WARNING * * *
The harpy claws you.
* * * LOW HITPOINT WARNING * * *
The harpy claws you!
You die...

......)....).........▓
▓▓▓▓▓▓▓▓▓▓▓▓▓▓▓▓▓▓▓▓▓▓
.∩)∩.∩.....'.........▓
▓▓▓▓▓▓▓▓▓▓▓▓▓▓▓▓▓▓▓▓.▓
.....................▓
▓▓▓▓▓▓▓▓▓▓▓▓▓▓▓▓▓▓▓▓▓▓
...).[.....'.........▓
▓▓▓▓▓▓▓▓▓▓▓▓▓▓▓▓▓▓▓▓.▓
, ,, ,....hh@hH†..▓
*▓▓▓▓▓▓▓▓▓▓▓▓▓ ,+, , *
** ** * , , , , ,, ***
* * * * , , ,* ** * **
,* , , , ,,


You could see Kirke, a harpy and 2 hogs.

Vanquished Creatures
  Gastronok (D)
  A very ugly thing (D)
  A dire elephant (D)
  6 ogre magi (D)
  A fire dragon (D)
  Erolcha (D)
  An ice dragon (D)
  Erica (D)
  3 deep trolls (D)
  3 orc knights (D)
  An orc sorcerer (D)
  2 ugly things (D)
  Maurice (D)
  A black mamba (D)
  7 elephants (D)
  A spiny frog (D)
  A komodo dragon (D)
  A yaktaur (D)
  3 tengu conjurers (D)
  4 trolls (D)
  A blink frog (D)
  A hippogriff (D)
  2 yaks (D)
  A wraith (D)
  4 hogs (D)
  3 water moccasins (D)
  5 porcupines (D)
  2 ice beasts (D)
  7 orc warriors (D)
  A sky beast (D)
  An ogre (D)
  A wolf (D)
  A phantom (D)
  A centaur (D)
  2 crocodiles (D)
  A big kobold (D)
  3 bullfrogs (D)
  A killer bee (D)
  2 jellies (D)
  4 orc priests (D)
  A hound (D)
  5 orc wizards (D)
  A gnoll (D)
  An ooze (D)
  An adder zombie (D)
  A leopard gecko (D)
  5 orcs (D)
  A bat skeleton (D)
  A bat zombie (D)
  2 ball python zombies (D)
  3 kobolds (D)
  A rat (D)
108 creatures vanquished.

Vanquished Creatures (others)
  A spatial maelstrom (D)
  A wizard (D)
2 creatures vanquished.

Grand Total: 110 creatures vanquished

Notes
Turn   | Place    | Note
-------+----------+-------------------------------------------
     0 | D        | Groucho the Deep Dwarf Fighter began the quest for the Orb.
     0 | D        | Reached XP level 1. HP: 20/20 MP: 1/1
     1 | D        | Banished a spatial maelstrom
    32 | D        | Noticed an ice beast
    32 | D        | Noticed an ice beast
    32 | D        | Noticed a sky beast
    49 | D        | Killed an ice beast
    49 | D        | Reached skill level 5 in Axes
    49 | D        | Reached skill level 5 in Armour
    49 | D        | Reached XP level 2. HP: 28/31 MP: 2/2
    49 | D        | Reached XP level 3. HP: 34/38 MP: 3/3
    49 | D        | Reached XP level 4. HP: 41/45 MP: 4/4
    50 | D        | Reached skill level 5 in Fighting
    53 | D        | Killed an ice beast
    53 | D        | Reached XP level 5. HP: 50/55 MP: 5/5
    59 | D        | Killed a sky beast
    59 | D        | Reached XP level 6. HP: 33/63 MP: 6/6
   654 | D        | Found a roughly hewn altar of Beogh.
   654 | D        | Found a snail-covered altar of Cheibriados.
   654 | D        | Found a shadowy altar of Dithmenos.
   654 | D        | Found a white marble altar of Elyvilon.
   654 | D        | Found a blossoming altar of Fedhas.
   654 | D        | Found an opulent altar of Gozag.
   655 | D        | Found a hazy altar of Hepliaklqana.
   656 | D        | Found a viscous altar of Jiyva.
   657 | D        | Found an ancient bone altar of Kikubaaqudgha.
   658 | D        | Became a worshipper of Cheibriados the Contemplative
   659 | D        | Found a corrupted altar of Lugonu.
   660 | D        | Found a burning altar of Makhleb.
   661 | D        | Found a sparkling altar of Nemelex Xobeh.
   662 | D        | Found an iron altar of Okawaru.
   663 | D        | Found a stormy altar of Qazlal.
   664 | D        | Found a sacrificial altar of Ru.
   665 | D        | Found a deep blue altar of Sif Muna.
   666 | D        | Found a bloodstained altar of Trog.
   667 | D        | Found a hide-covered altar of Uskayaw.
   668 | D        | Found a radiant altar of Vehumet.
   669 | D        | Found an ornate altar of the Wu Jian Council.
   670 | D        | Found a shimmering altar of Xom.
   671 | D        | Found a basalt altar of Yredelemnul.
   672 | D        | Found a glowing silver altar of Zin.
   673 | D        | Found a glowing golden altar of the Shining One.
   726 | D        | Noticed a wraith
   731 | D        | Reached skill level 2 in Invocations
   733 | D        | Reached * piety under Cheibriados
   733 | D        | Reached skill level 3 in Invocations
   738 | D        | Reached ** piety under Cheibriados
   738 | D        | Reached skill level 4 in Invocations
   739 | D        | Reached XP level 7. HP: 50/72 MP: 7/10
   745 | D        | Killed a wraith
   745 | D        | Reached skill level 5 in Invocations
  1166 | D        | Reached skill level 6 in Invocations
  1167 | D        | Reached *** piety under Cheibriados
  1175 | D        | Reached **** piety under Cheibriados
  1292 | D        | Noticed a black mamba
  1292 | D        | Noticed a hippogriff
  1298 | D        | Killed a black mamba
  1298 | D        | Reached ***** piety under Cheibriados
  1298 | D        | Reached skill level 10 in Armour
  1298 | D        | Reached skill level 10 in Shields
  1298 | D        | Reached skill level 7 in Invocations
  1298 | D        | Reached XP level 8. HP: 44/82 MP: 13/13
  1299 | D        | Reached skill level 10 in Axes
  1302 | D        | Reached skill level 8 in Invocations
  1309 | D        | Killed a hippogriff
  1309 | D        | Reached ****** piety under Cheibriados
  1310 | D        | Reached skill level 9 in Invocations
  1311 | D        | Gained mutation: You passively map the area around you.
                  | [Deep Dwarf growth]
  1311 | D        | Reached XP level 9. HP: 41/91 MP: 15/15
  1330 | D        | Noticed a komodo dragon
  1336 | D        | Reached skill level 10 in Invocations
  1338 | D        | Killed a komodo dragon
  1339 | D        | Noticed a spiny frog
  1343 | D        | Reached skill level 10 in Fighting
  1355 | D        | Killed a spiny frog
  1363 | D        | Reached skill level 11 in Invocations
  2292 | D        | Noticed an elephant
  2292 | D        | Noticed an elephant
  2292 | D        | Noticed a dire elephant
  2292 | D        | Noticed an elephant
  2292 | D        | Noticed an elephant
  2292 | D        | Noticed an elephant
  2295 | D        | Killed an elephant
  2295 | D        | Reached XP level 10. HP: 101/103 MP: 5/16
  2297 | D        | Killed an elephant
  2297 | D        | Killed an elephant
  2297 | D        | Killed an elephant
  2297 | D        | Reached skill level 12 in Invocations
  2297 | D        | Killed an elephant
  2301 | D        | Killed a dire elephant
  2302 | D        | Noticed an elephant
  2307 | D        | Killed an elephant
  2312 | D        | Noticed an elephant
  2320 | D        | Killed an elephant
  2320 | D        | Reached skill level 13 in Invocations
  2356 | D        | Noticed Erolcha
  2367 | D        | Killed Erolcha
  2473 | D        | Noticed Erica
  2478 | D        | Killed Erica
  2478 | D        | Reached XP level 11. HP: 80/114 MP: 19/19
  2647 | D        | Noticed Maurice
  2655 | D        | Killed Maurice
  2839 | D        | Noticed an orc knight
  2839 | D        | Noticed an orc knight
  2839 | D        | Noticed an orc sorcerer
  2839 | D        | Noticed an orc knight
  2842 | D        | Killed an orc sorcerer
  2842 | D        | Reached skill level 14 in Invocations
  2844 | D        | Killed an orc knight
  2846 | D        | Killed an orc knight
  2848 | D        | Killed an orc knight
  3286 | D        | Found Ruqu's Magic Scroll Emporium.
  3286 | D        | Noticed a deep troll
  3286 | D        | Noticed an ogre mage
  3286 | D        | Noticed an ogre mage
  3286 | D        | Noticed an ogre mage
  3286 | D        | Noticed a deep troll
  3289 | D        | Killed an ogre mage
  3289 | D        | Killed an ogre mage
  3289 | D        | Reached skill level 15 in Invocations
  3289 | D        | Killed an ogre mage
  3290 | D        | Killed a deep troll
  3290 | D        | Reached skill level 15 in Shields
  3298 | D        | Killed a deep troll
  3298 | D        | Reached skill level 15 in Armour
  3605 | D        | Found Kiuhiax's Magic Scroll Shoppe.
  3609 | D        | Found Utos Byw's Book Emporium.
  3611 | D        | Noticed an ogre mage
  3613 | D        | Noticed an ogre mage
  3616 | D        | Killed an ogre mage
  3616 | D        | Reached skill level 15 in Axes
  3616 | D        | Reached XP level 12. HP: 35/126 MP: 10/21
  3616 | D        | Killed an ogre mage
  3618 | D        | Found Togilel's Magic Scroll Shoppe.
  3620 | D        | Noticed an ogre mage
  3624 | D        | Reached skill level 16 in Invocations
  3629 | D        | Killed an ogre mage
  3667 | D        | Bought a scroll of enchant armour for 97 gold pieces
  3667 | D        | Bought a scroll of enchant armour for 97 gold pieces
  3667 | D        | Bought a scroll of enchant weapon for 97 gold pieces
  3667 | D        | Bought a scroll of remove curse for 39 gold pieces
  3667 | D        | Bought a scroll of identify for 26 gold pieces
  3671 | D        | Bought a scroll of enchant armour for 105 gold pieces
  3896 | D        | Noticed Gastronok
  3908 | D        | Killed Gastronok
  4455 | D        | Noticed an ice dragon
  4467 | D        | Killed an ice dragon
  4725 | D        | Noticed a purple very ugly thing
  4725 | D        | Noticed a fire dragon
  4736 | D        | Killed a purple very ugly thing
  4736 | D        | Reached skill level 17 in Invocations
  4738 | D        | Killed a fire dragon
  5535 | D        | Noticed Kirke
  5549 | D        | HP: 3/128 [harpy[Kirke] (11)]
  5550 | D        | Mangled by a harpy

Skill      XL: |  1  2  3  4  5  6  7  8  9 10 11 12 |
---------------+-------------------------------------+-----
Fighting       | 4 5 6 7 8 9 10 11 13 14 | 14.2
Axes           | 5 6 7 8 9 10 11 13 15 16 | 16.4
Armour         | 5 7 8 10 12 13 15 16 | 16.5
Shields        | 6 7 8 10 11 12 13 15 16 | 16.5
Invocations    | 4 7 9 11 13 15 17 | 17.4

Action                   |  1- 3 |  4- 6 |  7- 9 | 10-12 || total
-------------------------+-------+-------+-------+-------++-------
Melee: War axe           |    29 |    19 |       |       ||    48
       Broad axe         |       |    12 |    68 |   128 ||   208
       Unarmed           |       |       |       |     8 ||     8
Invok: Slouch            |       |       |     2 |    23 ||    25
 Abil: Heal Wounds       |       |     1 |     4 |     7 ||    12
Evoke: Wand              |       |       |       |     2 ||     2
  Use: Potion            |     2 |       |     1 |     6 ||     9
       Scroll            |       |       |     4 |       ||     4
  Eat: Ration            |       |       |     1 |     3 ||     4
Armor: Scale mail        |     7 |     9 |       |       ||    16
       Chain mail        |       |     2 |    18 |    28 ||    48
Dodge: Dodged            |     5 |     9 |    25 |    31 ||    70
Block: Shield            |    18 |    21 |    40 |    78 ||   157
